 Dungeon Crawl Stone Soup version 0.29-a0-961-gfab03dca74 (webtiles) character file.

Game seed: 16080321570538985699

165 glnhji the Vexing (level 5, -7/24 HPs)
             Began as a Spriggan Enchanter on July 30, 2022.
             Killed from afar by an orc wizard (8 damage)
             ... with a puff of flame
             ... on level 3 of the Dungeon.
             The game lasted 00:04:37 (2984 turns).

glnhji the Vexing (Spriggan Enchanter)              Turns: 2984, Time: 00:04:38

Health: -7/24      AC:  3    Str:  6    XL:     5   Next: 22%
Magic:  3/13       EV: 17    Int: 17    God:
Gold:   86         SH:  0    Dex: 15    Spells: 6/14 levels left

rFire   . . .      SeeInvis +   a - +1 dagger (flame)
rCold   . . .      Faith    .   (no shield)
rNeg    . . .      Spirit   .   b - +1 robe
rPois   .          Reflect  .   (helmet restricted)
rElec   .          Harm     .   (no cloak)
rCorr   .          Rampage  .   (gloves unavailable)
Will    .....                   (boots unavailable)
Stlth   +++.......              (no amulet)
HPRegen 0.08/turn               (no ring)
MPRegen 0.13/turn               (no ring)

@: mighty, very quick
A: very small, no large weapons, unfitting armour, see invisible, speed 3
a: no special abilities


You were on level 3 of the Dungeon.
You visited 1 branch of the dungeon, and saw 3 of its levels.

You collected 86 gold pieces.

Inventory:

Hand Weapons
 a - a +1 dagger of flaming (weapon)
 f - a +0 dagger of venom
Armour
 b - a +1 robe (worn)
Scrolls
 d - 2 scrolls of identify
 e - a scroll of teleportation
 k - a scroll of brand weapon
Potions
 c - 2 potions of invisibility
 h - 3 potions of curing
 i - 2 potions of flight


   Skills:
 - Level 1.1 Short Blades
 - Level 2.6 Dodging
 - Level 4.4 Stealth
 + Level 5.1 Spellcasting
 + Level 5.7 Hexes


You had 6 spell levels left.
You knew the following spells:

 Your Spells              Type           Power      Damage    Failure   Level
a - Ensorcelled Hibernat  Hex/Ice        28%        N/A       7%          2
b - Tukima's Dance        Hex            23%        N/A       4%          3
d - Confusing Touch       Hex            23%        N/A       4%          3

Your spell library contained the following spells:

 Spells                   Type           Power      Damage    Failure   Level
 Dazzling Flash           Conj/Hex       28%        N/A       13%         3
 Freeze                   Ice            16%        1d4       14%         1
 Necrotise                Necr           16%        1d4       14%         1
 Sublimation of Blood     Necr           4%         N/A       22%         2
 Frozen Ramparts          Ice            8%         1d2       38%         3
 Animate Armour           Summ/Erth      8%         N/A       80%         4
 Hailstorm                Conj/Ice       4%         3d4       80%         4
 Blade Hands              Tmut           2%         N/A       98%         5
 Iron Shot                Conj/Erth      2%         9d2       100%        6
 Haunt                    Necr/Summ      2%         N/A       100%        7
 Borgnjor's Revivificati  Necr           2%         N/A       100%        8


Dungeon Overview and Level Annotations

Branches:
Dungeon (3/15)

Altars:


Innate Abilities, Weirdness & Mutations

You are very small and have problems with some larger weapons.
You are too small for most types of armour.
You have supernaturally acute eyesight. (SInv)
You cover ground extremely quickly. (Speed+++)


Message History

Unknown command.
The orc wizard mumbles some strange words.
The orc wizard flickers and vanishes for a moment.
You feel very mighty all of a sudden.
The orc wizard gestures at you while chanting.
The magic dart hits you. The orc wizard hits you with a +0 whip.
You are too injured to fight recklessly!
You are too injured to fight recklessly!
You are too injured to fight recklessly!
You are too injured to fight recklessly!
You are too injured to fight recklessly!
You are too injured to fight recklessly!
You are too injured to fight recklessly!
You barely miss the orc wizard.
The orc wizard points at you and mumbles some strange words.
You easily resist.
You hit the orc wizard. You burn the orc wizard.
The orc wizard is moderately wounded.
The orc wizard barely misses you.
You hit the orc wizard. You burn the orc wizard.
The orc wizard is almost dead.
The orc wizard hits you with a +0 whip.
* * * LOW HITPOINT WARNING * * *
You closely miss the orc wizard.
The orc wizard is almost dead.
The orc wizard hits you with a +0 whip.
* * * LOW HITPOINT WARNING * * *
You closely miss the orc wizard.
The orc wizard is almost dead.
The orc wizard closely misses you.
You closely miss the orc wizard.
The orc wizard is almost dead.
The orc wizard gestures at you while chanting.
You easily resist.
You closely miss the orc wizard.
The orc wizard is almost dead.
The orc wizard points at you and mumbles some strange words.
The puff of flame hits you!
You die...

...........#...†....###
........†..#..........######
...........#.[.............#
...........#....###........#
...........#....###........#
.....................>.....#####
............####.##............#
..........#.# #.##............#
..#.. #@##.†..........# #.
#o###...........#
####.###K###...........#
........oo.#...........#
...........#...........#
...........#...........#
#####......############
########.#.##.# ......)o....#.#


You could see an orc wizard (invisible), 2 orcs and a kobold.

Vanquished Creatures
  A scorpion (D:3)
  An orc priest (D:3)
  3 adders
  2 worms (D:3)
  2 ball pythons (D:1)
  3 endoplasms
  A giant cockroach (D:2)
  6 goblins
  2 hobgoblins
  2 jackals (D:1)
  3 kobolds
  2 quokkas
  6 bats
  3 frilled lizards
  8 rats
  A bush (D:1)
46 creatures vanquished.

Notes
Turn   | Place    | Note
-------+----------+-------------------------------------------
     0 | D:1      | glnhji the Spriggan Enchanter began the quest for the Orb.
     0 | D:1      | Reached XP level 1. HP: 9/9 MP: 5/5
   332 | D:1      | Found a faded altar of an unknown god.
   384 | D:1      | Reached XP level 2. HP: 13/13 MP: 7/7
   387 | D:1      | Learned a level 2 spell: Ensorcelled Hibernation
  1924 | D:2      | Reached XP level 3. HP: 14/16 MP: 9/9
  1928 | D:2      | Learned a level 3 spell: Tukima's Dance
  1932 | D:2      | Learned a level 3 spell: Confusing Touch
  2496 | D:2      | Got the Opusculum on Iniquitous Liturgies
  2853 | D:3      | Noticed a scorpion
  2875 | D:3      | Killed a scorpion
  2876 | D:3      | Reached skill level 5 in Hexes
  2876 | D:3      | Reached XP level 4. HP: 21/21 MP: 7/11
  2954 | D:3      | Reached XP level 5. HP: 16/24 MP: 10/13
  2958 | D:3      | Reached skill level 5 in Spellcasting
  2981 | D:3      | HP: 1/24 [orc wizard/+0 whip (6)]
  2984 | D:3      | Killed from afar by an orc wizard

Illustrated notes

Levels and vault maps discovered:
D:1:      lightli_arrival_statuegarden, layout_loops_corners, serial_forest,
          infiniplex_forest_clump_small, infiniplex_forest_corner_1,
          infiniplex_forest_straight_2, infiniplex_forest_clump_diagonal,
          infiniplex_forest_3_way, infiniplex_forest_clump_tiny,
          infiniplex_forest_end_2, chequers_ecumenical_altar_twisty,
          minmay_door_square, minivault_11
D:2:      layout_loops_cross
D:3:      layout_basic

Skill      XL: |  1  2  3  4  5 |
---------------+----------------+-----
Spellcasting   | 3 4 5 |  5.1
Hexes          | 4 5 |  5.7
Short Blades   | |  1.1
Dodging        | |  2.6
Stealth        | |  4.4

Action                   |  1- 3 |  4- 6 || total
-------------------------+-------+-------++-------
Melee: Dagger            |   355 |    14 ||   369
       Punch             |     7 |       ||     7
 Cast: Ensorcelled Hiber |     6 |     6 ||    12
  Use: Scroll            |     6 |     1 ||     7
       Potion            |       |     1 ||     1
 Stab: Sleeping          |    17 |     3 ||    20
Armor: Robe              |     5 |     1 ||     6
Dodge: Dodged            |    68 |    10 ||    78

Table legend: (Time is in decaauts)
 A = Elapsed time spent in this place.
 B = Non-inter-level travel time spent in this place.
 C = Inter-level travel time spent in this place.
 D = Time resting spent in this place.
 E = Time spent auto-exploring this place.
 F = Levels seen in this place.
 G = Mean time per level.
                   A        B        C        D        E       F      G
               +--------+--------+--------+--------+--------+-----+--------+
         Total |   2195 |   2089 |    106 |      0 |   1518 |   3 |  731.7 |
       Dungeon |   2195 |   2089 |    106 |      0 |   1518 |   3 |  731.7 |
               +--------+--------+--------+--------+--------+-----+--------+

Top non-repeatable levels by time:
     D:1: 1306 daAuts
     D:2: 627 daAuts
     D:3: 261 daAuts
